[Event "48° Campionato Italiano Assoluto ASCID"]
[Site "Senigallia (AN)"]
[Date "2021.07.29"]
[Round "5"]
[White "Battaglia, Gabriele"]
[Black "Sommadossi, Roberto"]
[Result "1-0"]
[Board "4"]
[WhiteElo "1245"]
[BlackElo "1435"]
[Time "15:30:00"]
[TimeControl "40/6000+30:1200+30"]
[ECO "A07"]
[Opening "Reti"]
[Variation "King's Indian attack (Barcza system)"]
[PlyCount "45"]
[EventDate "2021.07.26"]
[EventRounds "7"]
[EventCountry "ITA"]
[Annotator "Bersca0.53"]

1. Nf3 d5 2. g3 Nf6 3. Bg2 c5 4. d3 Nc6 5. O-O e5 6. Nbd2 Bd6 7. c4 Be6 8. Ng5
Bf5 9. cxd5 Nxd5 10. Nc4 O-O 11. Bxd5 Be7 12. e4 Bg6 13. Nf3 Bh5 14. h3 Nd4 15.
Ncxe5 Bf6 16. g4 Bxe5 17. Nxe5 Qf6 18. Nd7 Nf3+ 19. Kg2 Nh4+ 20. Kh1 Qd6 21.
Nxf8 Rxf8 22. gxh5 Qd7 23. Qg4
1-0

[Event "48° Campionato Italiano Assoluto ASCID"]
[Site "Senigallia (AN)"]
[Date "2021.07.29"]
[Round "5"]
[White "Abate, Luigi"]
[Black "Delmonte, Davide"]
[Result "0-1"]
[Board "7"]
[WhiteElo "999"]
[BlackElo "1170"]
[Time "15:30:00"]
[TimeControl "40/6000+30:1200+30"]
[ECO "B20"]
[Opening "Sicilian defence"]
[PlyCount "62"]
[EventDate "2021.07.26"]
[EventRounds "7"]
[EventCountry "ITA"]
[Annotator "Bersca0.53"]

1. e4 c5 2. c4 Nc6 3. Nf3 d6 4. Be2 e5 5. O-O Nf6 6. d3 Nh5 7. Nc3 Nf4 8. Bxf4
exf4 9. Nd5 Ne5 10. Nxf4 Nxf3+ 11. Bxf3 Qg5 12. g3 Be7 13. Nd5 O-O 14. Re1 Re8
15. Nc7 Bh3 16. Nxa8 Rxa8 17. Bg2 Qh6 18. e5 dxe5 19. Qb3 Rd8 20. Rxe5 Bd6 21.
Rd5 Re8 22. Kf1 Bg4 23. f3 Qxh2 24. Rxd6 Bh3 25. Bxh3 Qxh3+ 26. Kg1 h6 27. Qd1
Qxg3+ 28. Kh1 Qh3+ 29. Kg1 Qg3+ 30. Kh1 Re5 31. Qg1 Rh5+
0-1

[Event "48° Campionato Italiano Assoluto ASCID"]
[Site "Senigallia (AN)"]
[Date "2021.07.29"]
[Round "5"]
[White "Parravano, Luca"]
[Black "Manneschi, Fabrizio"]
[Result "0-1"]
[Board "8"]
[WhiteElo "999"]
[BlackElo "1335"]
[Time "15:30:00"]
[TimeControl "40/6000+30:1200+30"]
[ECO "D00"]
[Opening "Queen's pawn, Mason variation"]
[PlyCount "62"]
[EventDate "2021.07.26"]
[EventRounds "7"]
[EventCountry "ITA"]
[Annotator "Bersca0.53"]

1. d4 d5 2. Bf4 h6 3. e3 g5 4. Be5 Rh7 5. Bd3 f5 6. Qh5+ Kd7 7. Bxf5+ Kc6 8.
Bxh7 Nf6 9. Qg6 Nd7 10. Bg3 b5 11. Bg8 e5 12. Be6 Bb4+ 13. Nd2 Nf8 14. Qd3 Bxe6
15. a3 e4 16. Qb3 Bxd2+ 17. Kxd2 a5 18. Qc3+ Kb6 19. Ne2 N8d7 20. h4 Rc8 21.
hxg5 hxg5 22. Rh6 Qf8 23. Rah1 b4 24. axb4 axb4 25. Qxb4+ Qxb4+ 26. Kc1 Bg4 27.
Nc3 Ra8 28. Nb1 Ra2 29. b3 Qb5 30. Rh8 Qe2 31. Nc3 Qxc2#
0-1

[Event "48° Campionato Italiano Assoluto ASCID"]
[Site "Senigallia (AN)"]
[Date "2021.07.30"]
[Round "6"]
[White "Casadei, Marco"]
[Black "Poli, Diego"]
[Result "1-0"]
[Board "1"]
[WhiteElo "1932"]
[BlackElo "1611"]
[Time "15:30:00"]
[TimeControl "40/6000+30:1200+30"]
[ECO "B90"]
[Opening "Sicilian"]
[Variation "Najdorf, Byrne (English) attack"]
[PlyCount "51"]
[EventDate "2021.07.26"]
[EventRounds "7"]
[EventCountry "ITA"]
[Annotator "Bersca0.53"]

1. e4 c5 2. Nf3 d6 3. d4 cxd4 4. Nxd4 Nf6 5. Nc3 a6 6. Be3 e6 7. Be2 Nbd7 8. O-O
b5 9. a4 bxa4 10. f3 Nc5 11. Nxa4 Nxa4 12. Rxa4 Bd7 13. Rxa6 Rxa6 14. Bxa6 Qb6
15. Qa1 g6 16. Bf2 Qb8 17. c4 Be7 18. Bb5 Bxb5 19. Nxb5 d5 20. exd5 Nxd5 21.
cxd5 Qxb5 22. dxe6 fxe6 23. Qa8+ Bd8 24. Rd1 Ke7 25. Qa7+ Ke8 26. Qd4
1-0

[Event "48° Campionato Italiano Assoluto ASCID"]
[Site "Senigallia (AN)"]
[Date "2021.07.30"]
[Round "6"]
[White "Battaglia, Gabriele"]
[Black "Vrioni, Bersan"]
[Result "0-1"]
[Board "2"]
[WhiteElo "1245"]
[BlackElo "1936"]
[Time "15:30:00"]
[TimeControl "40/6000+30:1200+30"]
[ECO "A07"]
[Opening "Reti"]
[Variation "King's Indian attack (with ...c5)"]
[PlyCount "52"]
[EventDate "2021.07.26"]
[EventRounds "7"]
[EventCountry "ITA"]
[Annotator "Bersca0.53"]

1. Nf3 d5 2. g3 c5 3. d3 Nc6 4. Bg2 Nf6 5. O-O Bg4 6. Nbd2 e5 7. c4 d4 8. Re1
Be7 9. Nf1 O-O 10. h3 Bd7 11. N1h2 Qc8 12. h4 h6 13. Bd2 Bd6 14. Kh1 e4 15. Ng1
Re8 16. Qc1 e3 17. fxe3 Bxg3 18. Rf1 Qc7 19. Nhf3 Ng4 20. e4 Nf2+ 21. Rxf2 Bxf2
22. Bxh6 gxh6 23. Qxh6 Be3 24. Qh5 Ne5 25. Nxe5 Rxe5 26. Rf1 Rxh5
0-1

[Event "48° Campionato Italiano Assoluto ASCID"]
[Site "Senigallia (AN)"]
[Date "2021.07.30"]
[Round "6"]
[White "Pezzolato, Erica"]
[Black "Rivalta, Paolo"]
[Result "1-0"]
[Board "3"]
[WhiteElo "1453"]
[BlackElo "1101"]
[Time "15:30:00"]
[TimeControl "40/6000+30:1200+30"]
[ECO "A20"]
[Opening "English opening"]
[PlyCount "81"]
[EventDate "2021.07.26"]
[EventRounds "7"]
[EventCountry "ITA"]
[Annotator "Bersca0.53"]

1. c4 e5 2. d3 Nf6 3. Nf3 b6 4. g3 Bb7 5. Bg2 d6 6. O-O Nc6 7. Nc3 Be7 8. Bd2
O-O 9. a3 Nd4 10. b4 Nxf3+ 11. exf3 Qd7 12. Ne4 d5 13. Nxf6+ Bxf6 14. Rc1 d4 15.
f4 Bxg2 16. Kxg2 Rfe8 17. Re1 h6 18. fxe5 Bxe5 19. b5 Qf5 20. Qf3 Qxf3+ 21. Kxf3
Bd6 22. a4 Rxe1 23. Rxe1 Kf8 24. Ke4 Bc5 25. Kd5 Rd8+ 26. Kc6 Bd6 27. Re4 Re8
28. Rxe8+ Kxe8 29. Bf4 Bxf4 30. gxf4 Kd8 31. Kd5 Kd7 32. Kxd4 Kd6 33. f3 f6 34.
f5 c5+ 35. Ke4 Ke7 36. Kd5 Kd7 37. h3 h5 38. h4 Kc7 39. Ke6 Kd8 40. Kf7 Kd7 41.
f4
1-0

[Event "48° Campionato Italiano Assoluto ASCID"]
[Site "Senigallia (AN)"]
[Date "2021.07.30"]
[Round "6"]
[White "Pugliese, Giuseppe Franco"]
[Black "Abate, Luigi"]
[Result "0-1"]
[Board "6"]
[WhiteElo "1630"]
[BlackElo "999"]
[Time "15:30:00"]
[TimeControl "40/6000+30:1200+30"]
[ECO "C24"]
[Opening "Bishop's opening"]
[Variation "Berlin defence"]
[PlyCount "39"]
[EventDate "2021.07.26"]
[EventRounds "7"]
[EventCountry "ITA"]
[Annotator "Bersca0.53"]

1. e4 e5 2. Bc4 Nf6 3. Nc3 Bb4 4. Nge2 Nc6 5. a3 Bc5 6. O-O Nd4 7. Nxd4 exd4 8.
e5 d5 9. exf6 dxc3 10. d4 dxc4 11. Re1+ Be6 12. fxg7 Rg8 13. d5 Qf6 14. Be3
O-O-O 15. Bxc5 Rxd5 16. Bf8 Rxd1 17. Raxd1 cxb2 18. f3 Qc3 19. Re2 b5 20. Red2
0-1

[Event "48° Campionato Italiano Assoluto ASCID"]
[Site "Senigallia (AN)"]
[Date "2021.07.31"]
[Round "7"]
[White "Casadei, Marco"]
[Black "Battaglia, Gabriele"]
[Result "1-0"]
[Board "1"]
[WhiteElo "1932"]
[BlackElo "1245"]
[Time "15:00:00"]
[TimeControl "40/6000+30:1200+30"]
[ECO "B00"]
[Opening "King's pawn opening"]
[PlyCount "29"]
[EventDate "2021.07.26"]
[EventRounds "7"]
[EventCountry "ITA"]
[Annotator "Bersca0.53"]

1. e4 d6 2. d4 e5 3. Nf3 Nf6 4. Nc3 Bg4 5. dxe5 Bxf3 6. Qxf3 dxe5 7. Bg5 Bb4 8.
Rd1 Bxc3+ 9. Qxc3 Qe7 10. Be2 Nxe4 11. Bxe7 Nxc3 12. Rd8+ Kxe7 13. Rxh8 Nxe2 14.
Kxe2 h6 15. Rd1
1-0

[Event "48° Campionato Italiano Assoluto ASCID"]
[Site "Senigallia ()AN"]
[Date "2021.07.31"]
[Round "7"]
[White "Vrioni, Bersan"]
[Black "Pezzolato, Erica"]
[Result "1-0"]
[Board "2"]
[WhiteElo "1936"]
[BlackElo "1453"]
[Time "15:00:00"]
[TimeControl "40/6000+30:1200+30"]
[ECO "B00"]
[Opening "King's pawn opening"]
[PlyCount "54"]
[EventDate "2021.07.26"]
[EventRounds "7"]
[EventCountry "ITA"]
[Annotator "Bersca0.53"]

1. e4 d6 2. f4 Nf6 3. Nc3 g6 4. Nf3 Bg7 5. Bc4 O-O 6. d3 Nc6 7. O-O e5 8. fxe5
Nxe5 9. Nxe5 dxe5 10. h3 c6 11. Kh1 Qd6 12. Bg5 h6 13. Be3 Be6 14. Bb3 Bxb3 15.
axb3 b6 16. Qd2 Kh7 17. Rf3 Nh5 18. g4 Nf6 19. Raf1 g5 20. Ne2 Qe6 21. Ng3 Ng8
22. Nf5 c5 23. Qf2 Ne7 24. Nxe7 Qxe7 25. Rxf7 Rxf7 26. Qxf7 Qxf7 27. Rxf7 a6
1-0

[Event "48° Campionato Italiano Assoluto ASCID"]
[Site "Senigallia ()AN"]
[Date "2021.07.31"]
[Round "7"]
[White "Delmonte, Davide"]
[Black "Pugliese, Giuseppe Franco"]
[Result "0-1"]
[Board "7"]
[WhiteElo "1170"]
[BlackElo "1630"]
[Time "15:00:00"]
[TimeControl "40/6000+30:1200+30"]
[ECO "D53"]
[Opening "QGD"]
[Variation "4.Bg5 Be7"]
[PlyCount "111"]
[EventDate "2021.07.26"]
[EventRounds "7"]
[EventCountry "ITA"]
[Annotator "Bersca0.53"]

1. d4 d5 2. c4 e6 3. Nc3 Nf6 4. Bg5 Be7 5. e3 h6 6. Bf4 Bd6 7. Bxd6 Qxd6 8. Nf3
O-O 9. Bd3 b6 10. O-O Bb7 11. Qc2 dxc4 12. Ne4 cxd3 13. Nxf6+ gxf6 14. Qxd3 Ba6
15. Qe4 Qd5 16. Qg4+ Kh7 17. Rfe1 Qf5 18. Qxf5+ exf5 19. Rac1 c6 20. d5 c5 21.
d6 Nd7 22. e4 Rfe8 23. exf5 Kg8 24. Re7 Rad8 25. Rce1 Kf8 26. h4 Bb5 27. h5 Ne5
28. Nxe5 fxe5 29. f6 Rxd6 30. g4 Rxf6 31. Rxe8+ Bxe8 32. Rxe5 Re6 33. Rf5 Bc6
34. g5 hxg5 35. Rxg5 Re1+ 36. Kh2 Rh1+ 37. Kg3 Rg1+ 38. Kf4 Rxg5 39. Kxg5 Bd5
40. f4 Kg8 41. Kf6 Bxa2 42. h6 Kh7 43. Kg5 a5 44. f5 a4 45. f6 b5 46. Kf4 Kxh6
47. Ke3 b4 48. Kd2 a3 49. bxa3 bxa3 50. Kc2 Be6 51. Kc3 c4 52. Kc2 Kg5 53. Kc1
Kxf6 54. Kb1 c3 55. Kc1 a2 56. Kd1
0-1